AoeStats
← Clueless Clown

Enclosed

503917360Analyzed
2v2 RM · 29d ago on Sep 3, 2026· 43m 6s· 4 players
Game mode
Random Map
Map size
Medium (4 player)
Population
200
Speed
Normal
Resources
Standard
Victory
Conquest
Starting age
Dark Age
Ending age
Imperial Age
RankedLock teamsTeams togetherTeam positionsShared explorationLock speedFull tech treeHidden civsTurbo modeCheats
Victory
Defeat
🇺🇸 Chinese · United States
970
+17
🇺🇸 Mongols · United States
964
+17
🇨🇴 Turks · Colombia
989
-17
🇨🇴 Magyars · Colombia
989
-17
a good dude2589
0:43 Loom
11:13 Feudal Age
18:35 Castle Age
18:08 Stone Mining
18:11 Gold Mining
18:47 Pikeman
25:43 Scale Mail Armor
26:33 Forging
28:55 Double-Bit Axe
29:21 Horse Collar
31:21 Heavy Plow
32:09 Bow Saw
33:11 Wheelbarrow
38:26 Imperial Age
36:21 Padded Archer Armor
36:12 Fletching
36:57 Thumb Ring
36:20 Crossbowman
38:38 Iron Casting
38:29 Caravan
38:53 Halberdier
40:23 Conscription
40:48 Gold Shaft Mining
40:37 Hand Cart
41:30 Two-Man Saw
42:09 Heavy Scorpion
Clueless Clown
10:55 Feudal Age
14:51 Castle Age
13:29 Double-Bit Axe
13:44 Horse Collar
14:04 Loom
14:31 Fletching
15:58 Pikeman
18:32 Bodkin Arrow
19:38 Padded Archer Armor
21:00 Bloodlines
22:02 Husbandry
24:10 Leather Archer Armor
26:59 Ballistics
28:53 Bow Saw
29:16 Light Cavalry
31:18 Scale Barding Armor
32:34 Heavy Plow
34:07 Wheelbarrow
35:34 Hand Cart
38:32 Imperial Age
36:34 Thumb Ring
39:18 Chain Barding Armor
39:09 Forging
39:35 Conscription
39:55 Parthian Tactics
40:06 Siege Engineers
40:04 Gold Mining
41:19 Chemistry
41:10 Bracer
41:52 Drill
41:43 Heavy Camel Rider
[MK5]EN.DIABLADO
7:29 Loom
10:04 Feudal Age
11:00 Double-Bit Axe
12:57 Horse Collar
14:15 Town Watch
14:39 Horse Collar
22:03 Castle Age
20:30 Gold Mining
21:32 Bloodlines
24:34 Husbandry
26:13 Bloodlines
26:35 Heavy Plow
30:12 Gold Shaft Mining
33:10 Wheelbarrow
33:04 Scale Barding Armor
39:49 Imperial Age
39:00 Hand Cart
41:07 Conscription
41:41 Bow Saw
41:51 Cavalier
ST3V3N
5:55 Loom
10:10 Feudal Age
10:49 Double-Bit Axe
11:53 Horse Collar
12:31 Town Watch
17:30 Bloodlines
22:40 Castle Age
23:53 Thumb Ring
24:25 Bow Saw
26:13 Husbandry
27:51 Wheelbarrow
28:06 Heavy Plow
28:23 Elite Skirmisher
29:44 Padded Archer Armor
32:25 Gold Mining
34:43 Scale Barding Armor
34:29 Fletching
36:12 Hand Cart
37:47 Chain Barding Armor
38:48 Ballistics
39:50 Gold Shaft Mining
42:42 Imperial Age
41:06 Corvinian Army
40:33 Light Cavalry
41:45 Fletching
42:10 Leather Archer Armor
42:48 Bodkin Arrow
44:25 Chemistry
Connection lost

Rejoining the realm…

Still unreachable

The connection could not be restored.

Session expired

The server has moved on; the page needs a fresh start.